 Dungeon Crawl Stone Soup version 0.31-a0-271-gb88eb75e06 (webtiles) character file.

Game seed: 15400073698450797108

26 Iniera the Sneak (level 2, -5/23 HPs)
             Began as a Demonspawn Brigand on July 15, 2023.
             Slain by Terence
             ... wielding a +3 hand axe
              (7 damage)
             ... on level 2 of the Dungeon.
             The game lasted 00:00:53 (741 turns).

Iniera the Sneak (Demonspawn Brigand)                Turns: 741, Time: 00:00:54

Health: -5/23      AC:  3    Str: 11    XL:     2   Next: 89%
Magic:  2/2        EV: 11    Int: 12    God:
Gold:   48         SH:  0    Dex: 14    Spells: 1/1 levels left

rFire   . . .        a - +2 dagger
rCold   . . .        (no shield)
rNeg    . . .        b - +0 robe
rPois   .            (no helmet)
rElec   .            c - +0 cloak
rCorr   .            (no gloves)
SInv    .            (no boots)
Will    .....        (no amulet)
Stlth   ++           (no ring)
HPRegen 0.23/turn    (no ring)
MPRegen 0.08/turn

%: no passive effects
@: no status effects
A: sturdy frame 1
a: no special abilities


You were on level 2 of the Dungeon.
You visited 1 branch of the dungeon, and saw 2 of its levels.

You collected 48 gold pieces.

Inventory:

Hand Weapons
 a - a +2 dagger (weapon)
Missiles
 d - 9 poisoned darts (quivered)
 z - 3 curare-tipped darts
Armour
 b - a +0 robe (worn)
 c - a +0 cloak (worn)
Scrolls
 e - a scroll of teleportation {unknown}
 f - 2 scrolls of immolation


   Skills:
 + Level 2.8 Fighting
 - Level 1.7 Short Blades
 - Level 1.7 Throwing
 + Level 1.5 Armour
 - Level 0.8 Dodging
 - Level 3.6 Stealth


You had one spell level left.
You didn't know any spells.
Your spell library contained the following spells:

 Spells                   Type           Power      Damage    Failure   Level
 Lesser Beckoning         Tloc           0%         N/A       45%         2
 Gell's Gravitas          Tloc           0%         N/A       69%         3
 Teleport Other           Tloc           0%         N/A       69%         3


Dungeon Overview and Level Annotations

Branches:
Dungeon (2/15)

Altars:

Shops:
D:1 *

Annotations:
D:2 Terence


Innate Abilities, Weirdness & Mutations

Your movements are slightly less encumbered by armour. (ER -2)


Message History

No target in view!
No target in view!
Found a faded altar of an unknown god.
f - 2 scrolls of immolation (gained 1)
There is a faded altar of an unknown god here.
There is a stone staircase leading down here.
Terence the Incautious comes into view.
He is wielding a +3 hand axe and wearing a +1 scale mail of fire resistance.
Found a fabulously ornate robe.
The helpless Terence fails to defend himself.
You puncture Terence!
Terence is severely wounded.
Terence closely misses you.
You hit Terence but do no damage.
Terence is severely wounded.
Terence hits you with a +3 hand axe.
You hit Terence.
Terence is almost dead.
Terence hits you with a +3 hand axe!
You are too injured to fight recklessly!
You are too injured to fight recklessly!
You are too injured to fight recklessly!
You are too injured to fight recklessly!
You are too injured to fight recklessly!
You are too injured to fight recklessly!
You are too injured to fight recklessly!
You hit Terence but do no damage.
Terence is almost dead.
Terence asks, "Do you want it fast or slow?"
Terence hits you with a +3 hand axe.
You closely miss Terence.
Terence is almost dead.
Terence hits you with a +3 hand axe.
* * * LOW HITPOINT WARNING * * *
You hit Terence but do no damage.
Terence is almost dead.
Terence closely misses you.
You hit Terence.
Terence is almost dead.
Terence hits you with a +3 hand axe!
You die...

.# ...## # .[.## #
###### ...### ##
#....# #..@### .#
#....# ###@...#
.######....#
#...####
.##....†...###.###
....###....##..#
..#####....##.##
#.# ##........#
#.# #..########
#.###.## ......#


You could see Terence.

Vanquished Creatures
  A worm (D:2)
  A bat (D:1)
  5 endoplasms
  A goblin (D:1)
  2 hobgoblins (D:2)
  3 jackals (D:1)
  2 ball pythons
  2 frilled lizards
  3 kobolds
  A rat (D:1)
21 creatures vanquished.

Notes
Turn   | Place    | Note
-------+----------+-------------------------------------------
     0 | D:1      | Iniera the Demonspawn Brigand began the quest for the Orb.
     0 | D:1      | Reached XP level 1. HP: 16/16 MP: 1/1
   120 | D:1      | Gained mutation: Your movements are slightly less
                  | encumbered by armour. (ER -2) [demonic ancestry]
   120 | D:1      | Reached XP level 2. HP: 22/23 MP: 2/2
   178 | D:1      | Found Otaitzag's Assorted Antiques.
   204 | D:1      | Reached skill level 1 in Armour
   685 | D:2      | Found a faded altar of an unknown god.
   729 | D:2      | Noticed Terence
   739 | D:2      | HP: 1/23 [Terence/+3 hand axe (6)]
   741 | D:2      | Slain by Terence

Illustrated notes

Levels and vault maps discovered:
D:1:      lemuel_arrival_hallway, layout_rooms, serial_shops,
          nicolae_shop_just_a_little_nook, amcnicky_mini_rare_corridor_liquid,
          item_on_display_a
D:2:      layout_rooms, basic_altar, hellmonk_ecumenical_altar_blasted,
          uniq_terence

Skill      XL: |  1  2 |
---------------+-------+-----
Armour         | 1 |  1.5
Fighting       | |  2.8
Short Blades   | |  1.7
Throwing       | |  1.7
Dodging        | |  0.8
Stealth        | |  3.6

Action                     || total
---------------------------++-------
  Melee: Dagger            ||    58
   Stab: Sleeping          ||     5
         Distracted        ||     1
 Armour: Robe              ||     9
  Dodge: Dodged            ||    22

Table legend: (Time is in decaauts)
 A = Elapsed time spent in this place.
 B = Non-inter-level travel time spent in this place.
 C = Inter-level travel time spent in this place.
 D = Time resting spent in this place.
 E = Time spent auto-exploring this place.
 F = Levels seen in this place.
 G = Mean time per level.
                   A        B        C        D        E       F      G
               +--------+--------+--------+--------+--------+-----+--------+
         Total |    735 |    728 |      7 |      0 |    597 |   2 |  367.5 |
       Dungeon |    735 |    728 |      7 |      0 |    597 |   2 |  367.5 |
               +--------+--------+--------+--------+--------+-----+--------+

Top non-repeatable levels by time:
     D:1: 561 daAuts
     D:2: 173 daAuts
